 Dungeon Crawl Stone Soup version 0.31-a0-848-gaac375c287 (console) character file.

Game seed: 8331481987332286355

33 capslocke the Changeling (level 3, -9/26 HPs)
             Began as a Merfolk Shapeshifter on Oct 5, 2023.
             Mangled by Crazy Yiuf
             ... wielding a +4 quarterstaff of chaos
              (15 damage)
             ... on level 2 of the Dungeon.
             The game lasted 00:03:36 (983 turns).

capslocke the Changeling (Merfolk Shapeshifter)      Turns: 983, Time: 00:03:36

Health: -9/26      AC:  2    Str: 16    XL:     3   Next: 29%
Magic:  3/3        EV: 13    Int:  9    God:
Gold:   44         SH:  0    Dex: 13    Spells: 2/2 levels left

rFire   . .          .
                       - Unarmed
rCold   . . .        (no shield)
rNeg    . . .        a - +0 animal skin
rPois   .            (helmet currently unavailable)
rElec   .            (cloak currently unavailable)
rCorr   .            (gloves currently unavailable)
SInv    .            (boots currently unavailable)
Will    .....        (no amulet)
Stlth   +            (no ring)
HPRegen 0.24/turn    (no ring)
MPRegen 0.08/turn

%: no passive effects
@: beast-form
A: beast (slay +2), (nimble swimmer 2), mertail
a: Begin Untransformation


You were on level 2 of the Dungeon.
You were a hulking beast.
You visited 1 branch of the dungeon, and saw 2 of its levels.

You collected 44 gold pieces.

Inventory:

Armour
 a - a +0 animal skin (worn)
 f - a +1 pair of gloves
Talismans
 c - a beast talisman (active)
 d - a flux talisman
Scrolls
 e - a scroll of identify {unknown}
 g - a scroll of teleportation {unknown}
 h - a scroll of blinking {unknown}
 i - a scroll of enchant armour {unknown}
 j - 3 scrolls of fear {unknown}
 k - a scroll of vulnerability {unknown}
Potions
 b - a potion of lignification
 l - a potion of curing {unknown}
 m - 2 potions of invisibility {unknown}


   Skills:
 + Level 1.3 Fighting
 + Level 3.2 Dodging
 + Level 3.9 Unarmed Combat
 + Level 4.6 Shapeshifting


You had 2 spell levels left.
You didn't know any spells.
Your spell library was empty.

Dungeon Overview and Level Annotations

Branches:
Dungeon (2/15)

Altars:
Yredelemnul

Annotations:
D:2 Crazy Yiuf


Innate Abilities, Weirdness & Mutations

You are a hulking beast.
Your limbs bulge with bestial killing power. (Slay +2)
((You are very nimble when in or above water. (Stealth+, EV+, Speed+++)))
Your lower body shifts to a powerful aquatic tail in water.


Message History

You punch the fungus!
The fungus is lightly damaged.
You punch the fungus!
The fungus is lightly damaged.
You punch the fungus! You punch the fungus.
The fungus is moderately damaged.
You punch the fungus!
The fungus is moderately damaged.
A nearby fungus withers and dies.
You see here a +0 hammer.
Found seven hammers.
Found a runed translucent door.
You see here a +0 hammer.
Found a hammer.
Crazy Yiuf shouts!
You see here a +0 hammer.
You see here a +0 hammer.
Found two hammers and a glowing hammer.
You see here a +0 hammer.
You open the door. You hit Crazy Yiuf.
Crazy Yiuf is lightly wounded.
Crazy Yiuf closely misses you.
You hit Crazy Yiuf but do no damage.
Crazy Yiuf is lightly wounded.
Crazy Yiuf hits you with a +4 quarterstaff of chaos!
You resist with some effort.
You hit Crazy Yiuf but do no damage.
Crazy Yiuf is lightly wounded.
Crazy Yiuf barely misses you.
You hit Crazy Yiuf.
Crazy Yiuf is moderately wounded.
Crazy Yiuf hits you with a +4 quarterstaff of chaos!
Ouch! That really hurt!
* * * LOW HITPOINT WARNING * * *
You resist with significant effort.
You punch Crazy Yiuf!
Crazy Yiuf is severely wounded.
Crazy Yiuf hits you with a +4 quarterstaff of chaos!
Ouch! That really hurt!
You die...

.....### #.#
.....#####.#
....<......#
.....#####.#
##### ####.#
#.# #).)#
#.#.# #.#
#)))# #.#.#
#.# ))) #.#.#
#.# #g# #.#.#
#.# ♣h♣♣
##.#.# ###
♣♣)♣ .....#
♣)♣♣ ##.###
♣♣)♣ .....#
♣♣)♣♣
##.#.#####
♣♣P.)♣
#.#.....##
♣P♣.P♣
..#.###..#
#....# ####.#
##.#####....#


You could see Crazy Yiuf.

Vanquished Creatures
  An adder (D:2)
  A dart slug (D:2)
  2 endoplasms
  2 giant cockroaches
  3 goblins (D:1)
  2 hobgoblins (D:1)
  3 quokkas
  A bat (D:1)
  2 frilled lizards
  3 kobolds (D:1)
  2 rats (D:1)
22 creatures vanquished.

Notes
Turn   | Place    | Note
-------+----------+-------------------------------------------
     0 | D:1      | capslocke the Merfolk Shapeshifter began the quest for the
                  | Orb.
     0 | D:1      | Reached XP level 1. HP: 15/15 MP: 1/1
   209 | D:1      | Reached XP level 2. HP: 19/21 MP: 2/2
   706 | D:2      | Found a basalt altar of Yredelemnul.
   731 | D:2      | Reached XP level 3. HP: 8/26 MP: 3/3
   974 | D:2      | Found a runed translucent door.
   975 | D:2      | Noticed Crazy Yiuf
   983 | D:2      | Mangled by Crazy Yiuf

Illustrated notes

Levels and vault maps discovered:
D:1:      beargit_arrival_greenhouse, layout_loops_ring, st_stairs_12,
          grunt_decor_junction
D:2:      layout_basic, basic_altar, uniq_crazy_yiuf_cottage

Skill      XL: |  1  2 |
---------------+-------+-----
Dodging        | 3 |  3.2
Fighting       | |  1.3
Unarmed Combat | |  3.9
Shapeshifting  | |  4.6

Action                     || total
---------------------------++-------
  Melee: Unarmed           ||    67
         Punch             ||     2
   Stab: Sleeping          ||     2
 Armour: Animal skin       ||    18
  Dodge: Dodged            ||    31

Table legend: (Time is in decaauts)
 A = Elapsed time spent in this place.
 B = Non-inter-level travel time spent in this place.
 C = Inter-level travel time spent in this place.
 D = Time resting spent in this place.
 E = Time spent auto-exploring this place.
 F = Levels seen in this place.
 G = Mean time per level.
                   A        B        C        D        E       F      G
               +--------+--------+--------+--------+--------+-----+--------+
         Total |    978 |    958 |     20 |    134 |    653 |   2 |  489.0 |
       Dungeon |    978 |    958 |     20 |    134 |    653 |   2 |  489.0 |
               +--------+--------+--------+--------+--------+-----+--------+

Top non-repeatable levels by time:
     D:1: 682 daAuts
     D:2: 295 daAuts
